[Event "MČR v bleskovém šachu družstev 2019"]
[Site "Teplice, Czech Republic"]
[Date "2019.09.14"]
[Round "6.28"]
[White "Meszaros, Ludek"]
[Black "Toulec, Stanislav"]
[Result "1-0"]
[TimeControl "3 mim. + 2 s"]
[WhiteFideId "308153"]
[BlackFideId "319023"]
[WhiteElo "2070"]
[BlackElo "2074"]

1. e4 e5 2. Nf3 Nc6 3. Bb5 Nf6 4. O-O d6 5. d3 Be7 6. h3 O-O 7. c3 Bd7 8. Nbd2 h6 9. Re1 Re8 10. Nf1 Bf8 11. Ng3 a6 12. Ba4 b5 13. Bb3 Na5 14. Bc2 c5 15. d4 Qc7 16. d5 Nb7 17. a4 Rec8 18. Be3 Nd8 19. axb5 axb5 20. Rxa8 Rxa8 21. Nh4 Nh7 22. Nhf5 Ra2 23.
Bc1 b4 24. Bb3 Ra1 25. c4 Bxf5 26. exf5 f6 27. Ne4 Ng5 28. Nxg5 hxg5 29. Qe2 Qf7 30.
Bd2 Rxe1+ 31. Qxe1 g6 32. Bc2 gxf5 33. Bxf5 Qa7 34. Qc1 Nf7 35. Be6 Kg7 36. g3 Qa2 37. Kg2 Qb3 38. Bf5 Nh6 39.
Qc2 Qxc2 40. Bxc2 Be7 41. g4 f5 42. gxf5 Kf6 43. Kf3 Nxf5 44. Kg4 Nd4 45. Bxg5+ Kf7 46. Bd1 b3 47.
Bxe7 Kxe7 48. Kg5 Kf7 49. h4 Kg7 50. h5 Kh8 51.
Kf6 e4 52. Ke7 Nf5+ 53. Ke6 Ng7+ 54. Kxd6 Kh7 55. Kxc5 Kh6 56. Kd4 1-0

[Event "MČR v bleskovém šachu družstev 2019"]
[Site "Teplice, Czech Republic"]
[Date "2019.09.14"]
[Round "7.1"]
[White "Kociscak, Jiri"]
[Black "Krejci, Jan"]
[Result "1-0"]
[TimeControl "3 mim. + 2 s"]
[WhiteTitle "IM"]
[BlackTitle "GM"]
[WhiteFideId "322121"]
[BlackFideId "322156"]
[WhiteElo "2417"]
[BlackElo "2527"]

1. d4 d5 2. c4 e6 3.
Nf3 a6 4. Nbd2 Nf6 5. g3 c5 6.
dxc5 Bxc5 7. e3 O-O 8. Bg2 dxc4 9. Nxc4 Qxd1+ 10. Kxd1 b5 11. Ncd2 Bb7 12. Ke2 Nbd7 13. Nh4 Bxg2 14.
Nxg2 Rac8 15. Nb3 Bb6 16. Bd2 Rc2 17.
Kd1 Rxb2 18. Kc1 Rxd2 19. Kxd2 Ne5 20. Ke2 Nd5 21. Rhc1 g5 22. e4 Nf6 23. f3 g4 24. Nd2 Rd8 25. f4 Nd3 26. Rc6 Ba5 27. Nb3 Nb4 28. Nxa5 Nxc6 29. Nxc6 Rd6 30. Ne7+ Kf8 31. e5 Ke8 1-0

[Event "MČR v bleskovém šachu družstev 2019"]
[Site "Teplice, Czech Republic"]
[Date "2019.09.14"]
[Round "7.2"]
[White "Sorm, Daniel"]
[Black "Polak, Tomas"]
[Result "1/2-1/2"]
[TimeControl "3 mim. + 2 s"]
[WhiteTitle "FM"]
[BlackTitle "GM"]
[WhiteFideId "5400139"]
[BlackFideId "300560"]
[WhiteElo "2310"]
[BlackElo "2510"]

1. d4 Nf6 2. c4 e6 3. Nc3 Bb4 4. e3 c5 5. Bd3 Nc6 6. Nge2 cxd4 7. exd4 d5 8. cxd5 Nxd5 9. O-O O-O 10. Bc2 Re8 11. Qd3 g6 12. Bb3 Bf8 13. Nxd5 exd5 14. Be3 Na5 15.
Nf4 Be6 16. Ba4 Bd7 17. Bb3 Bc6 18. Rac1 Qd7 19. Rfd1 Rac8 20. h4 Nxb3 21. axb3 h5 22. Re1 Re4 23. f3 Ree8 24. Qd2 Be7 25.
Bf2 Bd6 26. Nd3 Qf5 27. Ne5 Bb5 28. Bg3 f6 29. Rxc8 Qxc8 30. Qh6 fxe5 31. Qxg6+ Kh8 32. Qh6+ Kg8 33. Qg6+ Kh8 34. Qxd6 exd4 35. Be5+ Kh7 36. Qf6 Qd7 37. Qg5 Qf7 38. Rc1 Bc6 39.
Bxd4 Rg8 40. Qe3 Re8 41. Qg5 Rg8 42. Qe3 Re8 43. Qg5 Rg8 44. Qe3 1/2-1/2

[Event "MČR v bleskovém šachu družstev 2019"]
[Site "Teplice, Czech Republic"]
[Date "2019.09.14"]
[Round "7.3"]
[White "Stocek, Jiri"]
[Black "Strasil, Pavel"]
[Result "1-0"]
[TimeControl "3 mim. + 2 s"]
[WhiteTitle "GM"]
[WhiteFideId "304760"]
[BlackFideId "308013"]
[WhiteElo "2505"]
[BlackElo "2026"]

1. e4 e6 2. d4 d5 3. Nc3 Bb4 4. a3 Bxc3+ 5. bxc3 dxe4 6. Qg4 Kf8 7. Qxe4 Nd7 8.
Bd3 Ndf6 9. Qe2 Ne7 10. Nf3 b6 11. O-O Bb7 12. c4 Ng6 13. h3 Qd6 14. Qe3 c5 15. c3 Rd8 16. Rd1 Qc7 17.
a4 Kg8 18. a5 Ne7 19. Ne5 Ng6 20. axb6 axb6 21. Nf3 Bc6 22. Bf1 Qb7 23. Ne5 Nxe5 24. Qxe5 Ne4 25. Rd3 cxd4 26. cxd4 Qb8 27.
Qxb8 Rxb8 28. d5 exd5 29. cxd5 Bd7 30. d6 f6 31. Rd4 Nc5 32.
Ra7 Kf7 33. Bc4+ Kg6 34. Be3 Rhe8 35.
Rd5 Ra8 36. Rc7 Ra1+ 37. Kh2 Be6 38.
Rdxc5 bxc5 39. d7 Bxd7 40. Rxd7 1-0

[Event "MČR v bleskovém šachu družstev 2019"]
[Site "Teplice, Czech Republic"]
[Date "2019.09.14"]
[Round "7.4"]
[White "Krejci, Jan"]
[Black "Vymazal, Bronislav"]
[Result "0-1"]
[TimeControl "3 mim. + 2 s"]
[WhiteFideId "316873"]
[BlackFideId "318396"]
[WhiteElo "2048"]
[BlackElo "2309"]

1. Nf3 f5 2. d4 Nf6 3. c4 d6 4.
d5 g6 5.
Nc3 Bg7 6. g3 O-O 7. Bg2 c5 8.
O-O Na6 9. Qc2 Nc7 10. b3 Bd7 11. Bb2 b5 12. Rfe1 Rb8 13. Rab1 bxc4 14. bxc4 Rb4 15. Nd2 Qb8 16. Ba3 a5 17.
Bxb4 axb4 18. Nd1 Qa7 19. Nb3 Ra8 20. Nc1 Ng4 21. Nb2 Qa3 22. Nbd3 Ba4 23. Qd2 Bc3 24. Qg5 Bxe1 25. Nxe1 Qc3 26.
Ncd3 Nf6 27. Rc1 Qa3 28. Qe3 Kf7 29. Nf3 Ne4 30. Ng5+ Nxg5 31. Qxg5 Qxa2 32. h4 Qxe2 33. Nf4 Qd2 34. Rf1 Bb3 35. h5 Rg8 36.
hxg6+ hxg6 37. Qh4 Bxc4 38. Ra1 b3 39. Qh7+ Rg7 40. Qh4 b2 41. Rb1 Ba2 42. Ne6 Nxe6 43. dxe6+ Kxe6 44. Rf1 b1=Q 45. Rxb1 Bxb1 46. Qh8 Kf7 47. Qc8 Ba2 48. Qc6 Be6 49.
Qf3 Rg8 50. g4 c4 51. gxf5 gxf5 52. Qh5+ Rg6 53. Qh7+ Rg7 54. Qh5+ Kf6 55. Qh4+ Qg5 56. Qh3 f4 0-1

[Event "MČR v bleskovém šachu družstev 2019"]
[Site "Teplice, Czech Republic"]
[Date "2019.09.14"]
[Round "7.5"]
[White "Liska, Jiri"]
[Black "Vykouk, Jan"]
[Result "0-1"]
[TimeControl "3 mim. + 2 s"]
[WhiteTitle "FM"]
[BlackTitle "IM"]
[WhiteElo "2241"]
[BlackElo "2439"]

1. e4 c5 2. Nf3 d6 3. c3 Nf6 4. Be2 Nbd7 5. d3 e6 6. O-O Qc7 7. Re1 b6 8. Nbd2 Bb7 9. Bf1 Be7 10.
d4 cxd4 11. cxd4 Rc8 12. b3 d5 13. e5 Ne4 14. Nxe4 dxe4 15. Ng5 Bxg5 16. Bxg5 O-O 17. Be7 Rfe8 18. Bd6 Qc2 19. Bb5 Qxd1 20.
Raxd1 Bc6 21. Ba6 Ra8 22. Rc1 Bd5 23. Rc7 Nf8 24. Rec1 Ng6 25. g3 h6 26. h4 Red8 27. Rc8 Raxc8 28. Rxc8 Rxc8 29. Bxc8 Bc6 30. Ba6 f6 31. exf6 gxf6 32. Bb8 b5 33. Bxa7 Ne7 34. Bc5 Nd5 35. a3 Kf7 36. a4 bxa4 37. b4 Nc7 38. Bc4 Bb5 39.
Ba2 Nd5 40. g4 Nc3 0-1

[Event "MČR v bleskovém šachu družstev 2019"]
[Site "Teplice, Czech Republic"]
[Date "2019.09.14"]
[Round "7.6"]
[White "Studnicka, Tomas"]
[Black "Vltavsky, Vladimir"]
[Result "1-0"]
[TimeControl "3 mim. + 2 s"]
[WhiteTitle "IM"]
[WhiteElo "2215"]
[BlackElo "2252"]

1. d4 Nf6 2. c4 e6 3.
Nf3 Bb4+ 4. Bd2 Bxd2+ 5. Nbxd2 d5 6. g3 O-O 7. Bg2 b6 8. cxd5 exd5 9. O-O Nbd7 10. Ne5 Bb7 11. Ndf3 c5 12. b3 Qe7 13. e3 Rfd8 14.
Qd2 Ne4 15. Qb2 Ndf6 16. Rac1 Rac8 17.
Qa3 a5 18. Rfd1 h6 19. dxc5 Nxc5 20. Nd3 Qf8 21. Nxc5 Rxc5 22. Rxc5 Qxc5 23. Qxc5 bxc5 24. Ne5 Re8 25. Nd3 Rc8 26. Rc1 Ne4 27. Bxe4 dxe4 28.
Nxc5 Bd5 29. a3 Rb8 30. Rc3 Kf8 31. Nd7+ Ke8 1-0

[Event "MČR v bleskovém šachu družstev 2019"]
[Site "Teplice, Czech Republic"]
[Date "2019.09.14"]
[Round "7.7"]
[White "Marsalek, Zdenek"]
[Black "Cech, Pavel"]
[Result "0-1"]
[TimeControl "3 mim. + 2 s"]
[BlackTitle "IM"]
[WhiteElo "2272"]
[BlackElo "2387"]

1. d4 Nf6 2. Nf3 d5 3. g3 Bf5 4. Bg2 e6 5. O-O h6 6. c4 c6 7.
Qb3 Qb6 8. c5 Qa6 9. Nc3 b6 10. cxb6 axb6 11. a4 Bd6 12. Bf4 Bxf4 13. gxf4 O-O 14. Ne5 Nfd7 15. Rfc1 Nxe5 16. fxe5 Nd7 17.
Bf1 Qa5 18. e3 Rac8 19. Ne2 c5 20. Nc3 f6 21. exf6 Rxf6 22. Qb5 Qa7 23. a5 bxa5 24. Rxa5 Qc7 25. f4 Rg6+ 26. Kh1 cxd4 0-1

[Event "MČR v bleskovém šachu družstev 2019"]
[Site "Teplice, Czech Republic"]
[Date "2019.09.14"]
[Round "7.8"]
[White "Sodoma, Jan"]
[Black "Duran, Tomas"]
[Result "1-0"]
[TimeControl "3 mim. + 2 s"]
[WhiteTitle "IM"]
[WhiteElo "2193"]
[BlackElo "2135"]

1. Nf3 Nf6 2. c4 g6 3. b3 Bg7 4. Bb2 O-O 5. g3 d6 6.
d4 c6 7.
Bg2 Qc7 8. O-O Nbd7 9. Nc3 Re8 10. Qc2 a5 11. Rfd1 e5 12. dxe5 dxe5 13. Ng5 Nc5 14. Ba3 Bf8 15. Bb2 h6 16.
Nge4 Nfxe4 17. Nxe4 Nxe4 18. Bxe4 f5 19. Bg2 Be6 20. e4 f4 21. Qc3 fxg3 22. Qxg3 Bf7 23. Bh3 Rad8 24. Rxd8 Rxd8 25.
Bxe5 Qe7 26. Re1 Rd2 27. a4 Qb4 28. Bc3 Qd6 29. e5 Qd3 30. e6 Be8 31. Qe5 Qxc3 32. Qxc3 Bb4 33. Qf6 Rd3 34.
Re3 Rd1+ 35. Kg2 Bf8 36. e7 Bg7 37. Qe6+ Kh7 38. Qc8 1-0

[Event "MČR v bleskovém šachu družstev 2019"]
[Site "Teplice, Czech Republic"]
[Date "2019.09.14"]
[Round "7.9"]
[White "Jirovsky, Milos"]
[Black "Rubes, Jan"]
[Result "1-0"]
[TimeControl "3 mim. + 2 s"]
[WhiteTitle "GM"]
[BlackTitle "FM"]
[WhiteFideId "303224"]
[BlackFideId "338176"]
[WhiteElo "2499"]
[BlackElo "2316"]

1. Nf3 c5 2. c4 Nc6 3. Nc3 Nf6 4. g3 g6 5. Bg2 Bg7 6. O-O d6 7. d4 cxd4 8. Nxd4 Bd7 9. e3 O-O 10. b3 Qa5 11. Bb2 Qh5 12. Qxh5 Nxh5 13. Rfd1 Nf6 14. Rac1 Rfc8 15. h3 Rab8 16.
Nce2 a6 17. f4 Nxd4 18. exd4 b5 19. c5 dxc5 20. dxc5 Be8 21. Be5 Nd7 22. Bxb8 Nxb8 23. Nd4 e5 24.
fxe5 Bxe5 25. g4 Bf4 26. Rc2 Be3+ 27.
Kh1 Rd8 28. c6 Nxc6 29. Bxc6 Bxc6+ 30. Rxc6 Rxd4 31. Rxd4 Bxd4 32. Rxa6 b4 33. Kg2 Bb2 34. Kf3 Kg7 35. Rb6 1-0

[Event "MČR v bleskovém šachu družstev 2019"]
[Site "Teplice, Czech Republic"]
[Date "2019.09.14"]
[Round "7.10"]
[White "Hadraba, Vladimir"]
[Black "Sokolov, Alexander"]
[Result "0-1"]
[TimeControl "3 mim. + 2 s"]
[BlackTitle "FM"]
[WhiteFideId "301663"]
[BlackFideId "4119177"]
[WhiteElo "2095"]
[BlackElo "2417"]

1. e4 c5 2. Nf3 d6 3.
d4 cxd4 4. Nxd4 Nf6 5. Nc3 g6 6. Be3 Bg7 7. Be2 O-O 8. f4 Nc6 9. Nb3 Be6 10. g4 Rc8 11.
f5 Bd7 12. Qd2 Ne5 13. g5 Nfg4 14. Bd4 Nc4 15.
Bxc4 Rxc4 16. Bxg7 Kxg7 17. O-O-O gxf5 18. exf5 Bxf5 19. Nd4 Bg6 20. h4 h5 21. gxh6+ Kh8 22. h5 Bh7 23. Qe2 Ne5 24. Nf3 Rc5 25.
Nd5 Rxc2+ 0-1

[Event "MČR v bleskovém šachu družstev 2019"]
[Site "Teplice, Czech Republic"]
[Date "2019.09.14"]
[Round "7.11"]
[White "Dolezal, Radoslav"]
[Black "Kral, David"]
[Result "1-0"]
[TimeControl "3 mim. + 2 s"]
[WhiteTitle "IM"]
[WhiteFideId "304735"]
[BlackFideId "326097"]
[WhiteElo "2359"]
[BlackElo "2028"]

1. d4 d5 2. Nf3 e6 3. g3 f5 4. Bg2 Nf6 5. O-O c5 6. c4 cxd4 7. cxd5 Qxd5 8.
Nxd4 Qd7 9. Nc3 Be7 10. Ndb5 Na6 11. Bf4 O-O 12. Qxd7 Nxd7 13. Rad1 e5 14. Bc1 e4 15. f3 Bc5+ 16.
Kh1 e3 17. Na4 Re8 18. f4 Nf6 19. Nxc5 Nxc5 20. Nc7 Be6 21. Nxa8 Rxa8 22. Bxe3 Nce4 23. a3 a6 24. Rc1 Ng4 25. Bg1 Rd8 26. Bf3 Ngf6 27.
Rfd1 Bd5 28. Kg2 h5 29. Bd4 Kh7 30. Bxf6 gxf6 31. Bxe4 fxe4 32. Kf2 Kg6 33. Rc5 e3+ 34. Ke1 1-0

[Event "MČR v bleskovém šachu družstev 2019"]
[Site "Teplice, Czech Republic"]
[Date "2019.09.14"]
[Round "7.12"]
[White "Krutsky, Martin"]
[Black "Postupa, Pavel"]
[Result "0-1"]
[TimeControl "3 mim. + 2 s"]
[WhiteFideId "361526"]
[BlackFideId "326410"]
[WhiteElo "1974"]
[BlackElo "2184"]

1. e4 c5 2. Nf3 d6 3. d4 cxd4 4. Nxd4 Nf6 5.
Nc3 a6 6. Be3 e5 7. Nb3 Be6 8. f3 h5 9. Qd2 Nbd7 10. O-O-O Be7 11. g3 Qc7 12. Be2 b5 13. h3 Nb6 14. Kb1 Nc4 15. Bxc4 bxc4 16. Nc1 O-O 17.
g4 h4 18. Bg5 Rfb8 19. Bxf6 gxf6 20. Nd5 Bxd5 21. exd5 c3 22. Qh6 Rxb2+ 23. Ka1 Qa5 24. Rhg1 Rab8 0-1

[Event "MČR v bleskovém šachu družstev 2019"]
[Site "Teplice, Czech Republic"]
[Date "2019.09.14"]
[Round "7.13"]
[White "Bernasek, Jan"]
[Black "Formanek, Martin"]
[Result "1-0"]
[TimeControl "3 mim. + 2 s"]
[WhiteTitle "GM"]
[WhiteFideId "311995"]
[BlackFideId "316768"]
[WhiteElo "2526"]
[BlackElo "2230"]

1. b3 e5 2. Bb2 Nc6 3.
g3 Nf6 4. Bg2 d5 5. e3 Bg4 6. Ne2 Qd7 7. h3 Be6 8. d3 Be7 9. Nd2 O-O 10. f4 exf4 11.
Nxf4 Bf5 12. g4 Bg6 13. O-O Bc5 14.
Qf3 Rae8 15. Rae1 d4 16. e4 Ne5 17. Qf2 Bb4 18. a3 Bxd2 19. Qxd2 c5 20. Qd1 Kh8 21.
g5 Ng8 22. h4 f6 23. Bc1 fxg5 24. hxg5 Ne7 25. Bh3 Qd6 26.
Qe2 N7c6 27. Qh2 Qd8 28. Kh1 b5 29. Ne6 Rxf1+ 30. Rxf1 Qe7 31. Qf4 Kg8 32. b4 c4 33. Nc5 cxd3 34.
cxd3 Qd6 35. Be6+ Kh8 36. Bd5 a5 37. Bxc6 Nxc6 38. Qxd6 1-0

[Event "MČR v bleskovém šachu družstev 2019"]
[Site "Teplice, Czech Republic"]
[Date "2019.09.14"]
[Round "7.15"]
[White "Vrbata, Zbynek"]
[Black "Kopta, Pavel"]
[Result "1-0"]
[TimeControl "3 mim. + 2 s"]
[WhiteTitle "FM"]
[BlackTitle "FM"]
[WhiteFideId "301256"]
[BlackFideId "309109"]
[WhiteElo "2324"]
[BlackElo "2234"]

1. d4 Nf6 2. c4 e6 3. Nc3 Bb4 4. Nf3 c5 5. g3 O-O 6. Bg2 d5 7. dxc5 dxc4 8. Qxd8 Rxd8 9. Ne5 Bxc5 10. Nxc4 Nc6 11. O-O Bd7 12. Bf4 Be8 13. a3 Rac8 14. Rfd1 Nh5 15. Bg5 f6 16. Bd2 g5 17. Ne4 Be7 18. Bc3 Bf7 19. Bf3 f5 20. Ned6 Nf6 21. Nxc8 Rxc8 22. Nd6 Rb8 23. h3 Kg7 24. b4 a6 25. a4 Kg6 26. b5 axb5 27. axb5 Nd8 28. Ba5 b6 29. Bc3 Nd7 30. Nxf7 Kxf7 31. Rxd7 1-0

[Event "MČR v bleskovém šachu družstev 2019"]
[Site "Teplice, Czech Republic"]
[Date "2019.09.14"]
[Round "7.16"]
[White "Routner, Jakub"]
[Black "Kuba, Jindrich"]
[Result "1/2-1/2"]
[TimeControl "3 mim. + 2 s"]
[BlackTitle "FM"]
[WhiteFideId "322245"]
[BlackFideId "318248"]
[WhiteElo "2138"]
[BlackElo "2223"]

1. e4 c5 2. Nc3 e6 3. g3 Nc6 4. Bg2 Nf6 5. d3 Be7 6. f4 d5 7. e5 Nd7 8. Nf3 a6 9. O-O O-O 10. Bd2 b5 11. Ne2 Bb7 12. c3 f6 13. exf6 Bxf6 14. d4 cxd4 15. cxd4 Qb6 16. Be3 Kh8 17.
Qd2 Rae8 18. Rac1 a5 19. Ne5 Qc7 20. Nxc6 Bxc6 21. Qc2 Rc8 22. Bh3 Rfe8 23. Kh1 Qd6 24. Qd2 a4 25. Ng1 Nb6 26.
b3 axb3 27. axb3 b4 28. Nf3 Bb5 29. Rfe1 Nd7 30. Bf2 Nf8 31. Ne5 Bxe5 32. Rxe5 Rxc1+ 33. Qxc1 Nd7 34. Re1 Nf6 35. Re5 Ne4 36. Be3 Bd7 37. Qe1 Kg8 38.
Bg2 Nf6 39. Bd2 h6 40. Bxb4 Qb6 41. Bc5 Qxb3 42. Kg1 Qb5 43. h3 Qb8 44. f5 Qc8 45. g4 exf5 46. Rxe8+ Bxe8 47. gxf5 Qxf5 48. Qe5 Qxe5 49. dxe5 Ne4 50. Bxe4 dxe4 51. Kf2 Bc6 52. Ke3 Kf7 53.
Kf4 Ke6 54. Bd4 Bd5 55. Bf2 g5+ 56. Ke3 Kxe5 57. Bg3+ Kf5 58. Bf2 h5 59. h4 g4 60. Bg3 Bb7 61.
Bf2 Ke6 62. Bg3 Kd5 63. Bf4 Kc4 64. Bg3 Kb3 65. Bf2 Kc2 66. Ke2 Ba6 67.
Ke3 Bd3 68. Bg3 Kd1 69. Bf2 Bb1 70. Bg3 Bd3 71. Bf2 1/2-1/2

[Event "MČR v bleskovém šachu družstev 2019"]
[Site "Teplice, Czech Republic"]
[Date "2019.09.14"]
[Round "7.17"]
[White "Trepka, Jan"]
[Black "Vojta, Tomas"]
[Result "0-1"]
[TimeControl "3 mim. + 2 s"]
[BlackTitle "FM"]
[WhiteFideId "322814"]
[BlackFideId "308781"]
[WhiteElo "2186"]
[BlackElo "2353"]

1. d4 d5 2. c4 Nc6 3. Nf3 Bg4 4. Nc3 e6 5. Bf4 dxc4 6. e3 a6 7. Bxc4 Nf6 8. h3 Bh5 9. O-O Bd6 10. Bxd6 Qxd6 11. Be2 O-O 12. Qb3 Rab8 13. Rac1 Ne7 14. Ne5 Bxe2 15. Nxe2 c6 16. Ng3 Ned5 17. Rfd1 Rfd8 18. Qc4 h6 19. a3 Rbc8 20. b4 Nd7 21. Nxd7 Qxd7 22. Ne4 Qe7 23. Nc5 Rc7 24.
Rc2 Nf6 25. Rdc1 e5 26. dxe5 Qxe5 27. Nd3 Qf5 28. Qf4 Qxf4 29. Nxf4 Rcd7 30. Kf1 Ne4 31. f3 Ng3+ 32. Kf2 Nf5 33. e4 Nd4 34. Rd2 Nb5 35. Rxd7 Rxd7 36. Rc2 Nxa3 37. Ra2 Nb5 38. Ke3 Kf8 39. Nd3 Re7 40. Rd2 Ke8 41.
Nc5 f6 42. h4 Kf7 43. g4 Na3 44. Rd3 Nc4+ 45. Kf4 Ne5 46.
Rd8 b6 47. Nd3 Nxd3+ 48. Rxd3 a5 49. bxa5 bxa5 50. Ra3 Ra7 51.
e5 Ke6 52. exf6 gxf6 53. Ke4 c5 54. f4 a4 55. g5 hxg5 56. fxg5 fxg5 57. hxg5 Ra5 58. g6 Kf6 59. Rg3 Kg7 60. Kd5 a3 61. Rg1 a2 62. Ra1 Kxg6 63. Kc4 Kf5 64.
Kb3 Ke4 65. Rxa2 Rxa2 66. Kxa2 Kd3 67. Kb1 Kc3 68. Kc1 c4 69. Kd1 Kb2 0-1

[Event "MČR v bleskovém šachu družstev 2019"]
[Site "Teplice, Czech Republic"]
[Date "2019.09.14"]
[Round "7.18"]
[White "Zeman, Matyas"]
[Black "Ruzicka, Ales"]
[Result "1-0"]
[TimeControl "3 mim. + 2 s"]
[WhiteFideId "364398"]
[BlackFideId "325252"]
[WhiteElo "2094"]
[BlackElo "2102"]

1. d4 Nf6 2. Nc3 d5 3.
Bf4 e6 4. e3 Bd6 5. Bg3 a6 6.
Nf3 c5 7. dxc5 Bxc5 8. Bd3 Nc6 9. O-O O-O 10. e4 d4 11. Nb1 h6 12. a3 b5 13. Nbd2 Bb7 14. e5 Nd5 15.
Ne4 Be7 16. Qe2 Rc8 17. h4 Na5 18. b3 Nc3 19. Nxc3 dxc3 20. a4 Bxf3 21. Qxf3 Rb8 22. axb5 axb5 23. h5 f5 24. exf6 Rxf6 25. Qe4 Qb6 26. Bxb8 1-0

[Event "MČR v bleskovém šachu družstev 2019"]
[Site "Teplice, Czech Republic"]
[Date "2019.09.14"]
[Round "7.19"]
[White "Loskot, Petr"]
[Black "Svanda, Ondrej"]
[Result "0-1"]
[TimeControl "3 mim. + 2 s"]
[BlackTitle "FM"]
[WhiteFideId "319570"]
[BlackFideId "359670"]
[WhiteElo "2010"]
[BlackElo "1924"]

1. e4 c5 2. Nf3 d6 3. Bb5+ Bd7 4. Bxd7+ Qxd7 5. O-O Nc6 6. c3 Nf6 7. Re1 e6 8. d4 cxd4 9. cxd4 d5 10. e5 Ne4 11. Nbd2 Nxd2 12. Bxd2 Be7 13. Bg5 O-O 14. Bxe7 Qxe7 15. a3 Rfc8 16.
Qd3 Na5 17. b3 Rc7 18. Qb5 b6 19. b4 Nc4 20. a4 a6 0-1

[Event "MČR v bleskovém šachu družstev 2019"]
[Site "Teplice, Czech Republic"]
[Date "2019.09.14"]
[Round "7.21"]
[White "Soural, Jan"]
[Black "Bujak, Michal"]
[Result "1-0"]
[TimeControl "3 mim. + 2 s"]
[WhiteFideId "311928"]
[BlackFideId "316318"]
[WhiteElo "2107"]
[BlackElo "2120"]

1. d4 Nf6 2. c4 c5 3. d5 b5 4. cxb5 a6 5. e3 e6 6. Nc3 Bb7 7. e4 exd5 8. exd5 axb5 9. Bxb5 Bd6 10. Nf3 O-O 11. O-O Na6 12. Bg5 h6 13. Bh4 g5 14. Bg3 Bxg3 15. hxg3 Nc7 16.
Bc4 d6 17. Re1 Qd7 18. Qd3 Qg4 19. Re7 Ba6 20. Bxa6 Nxa6 21. Rae1 Nb4 22. Qd2 Nxa2 23. Ne4 Nxe4 24. R7xe4 Qf5 25. g4 Qg6 26. Nh2 Nb4 27. Nf1 Ra7 28.
Ng3 Rb8 29. Nf5 1-0

[Event "MČR v bleskovém šachu družstev 2019"]
[Site "Teplice, Czech Republic"]
[Date "2019.09.14"]
[Round "7.22"]
[White "Sott, Pavel"]
[Black "Vokoun, Jan"]
[Result "1-0"]
[TimeControl "3 mim. + 2 s"]
[BlackTitle "FM"]
[WhiteFideId "311910"]
[BlackFideId "301647"]
[WhiteElo "2167"]
[BlackElo "2123"]

1. e4 d6 2. d4 Nf6 3. Nc3 e5 4. Nf3 Nbd7 5.
Bc4 Be7 6. Be3 c6 7. h3 b5 8. Bb3 b4 9. dxe5 dxe5 10. Na4 Nxe4 11. O-O O-O 12. Re1 Kh8 13. Bxa7 Rxa7 14. Rxe4 c5 15.
Nxe5 Nxe5 16. Rxe5 Qc7 17. Qh5 Bd6 18. Re4 g6 19. Re5 Be7 20. Bc4 1-0

[Event "MČR v bleskovém šachu družstev 2019"]
[Site "Teplice, Czech Republic"]
[Date "2019.09.14"]
[Round "7.23"]
[White "Postupa, Martin"]
[Black "Kupka, Frantisek"]
[Result "0-1"]
[TimeControl "3 mim. + 2 s"]
[WhiteFideId "325210"]
[BlackFideId "309540"]
[WhiteElo "1958"]
[BlackElo "2034"]

1. e4 d6 2. Nc3 Nf6 3. h3 e5 4. g3 Be7 5. Bg2 O-O 6. Nge2 c5 7. d3 Nc6 8.
O-O Nd4 9. f4 Nxe2+ 10. Qxe2 exf4 11. Bxf4 Be6 12. e5 dxe5 13. Bxe5 Qd7 14. Kh2 Rad8 15. b3 b6 16. a4 Rfe8 17.
Qf3 Rf8 18. Qc6 Qxc6 19. Bxc6 Nd7 20. Bf4 Bf6 21. Bd2 Ne5 22. Be4 Rd7 23. Rae1 Ng6 24. Bc6 Rc7 25. Bb5 Rd8 26. Ne4 Be7 27.
Ng5 Bxg5 28. Bxg5 Rdc8 29. Ba6 Rf8 30. Bd2 h6 31. Bc3 Bd5 32. Re3 Re7 33. Rfe1 Rfe8 34. Rxe7 Rxe7 35. Rxe7 Nxe7 36. a5 Nc6 37. axb6 axb6 38. Bc4 Bxc4 39. bxc4 g6 40. Kg2 f5 41. Kf3 Kf7 42. Bd2 g5 43. h4 Kg6 44. c3 Ne5+ 45. Ke2 gxh4 46. gxh4 h5 47. Bf4 Nd7 48. Bc7 Kf6 49. Ke3 Ke6 50. d4 cxd4+ 51. cxd4 Kf6 52. Kf4 Kg6 53. Bd8 Nb8 54. Ke5 Nc6+ 55. Kd6 Nxd8 56. Kc7 Ne6+ 0-1

[Event "MČR v bleskovém šachu družstev 2019"]
[Site "Teplice, Czech Republic"]
[Date "2019.09.14"]
[Round "7.24"]
[White "Janocko, Petr"]
[Black "Krouzel, Jaroslav"]
[Result "1-0"]
[TimeControl "3 mim. + 2 s"]
[WhiteFideId "320099"]
[BlackFideId "301566"]
[WhiteElo "2067"]
[BlackElo "2086"]

1. d4 f5 2. c4 Nf6 3. g3 d6 4. Bg2 g6 5. Nc3 Bg7 6.
Nf3 O-O 7. O-O Qe8 8. d5 a5 9. Nd4 Na6 10.
Ne6 Bxe6 11. dxe6 c6 12. e4 fxe4 13. Nxe4 Nxe4 14. Bxe4 Nc5 15. Bg2 Nxe6 16. Re1 Qf7 17. Be3 Kh8 18. Rb1 Qf6 19. h4 Rae8 20. b4 axb4 21.
Rxb4 c5 22. Rxb7 Nd4 23. Qd2 Nf3+ 24.
Bxf3 Qxf3 25. Qe2 Qxe2 26. Rxe2 Bf6 27. Bg5 Bxg5 28. hxg5 Rf7 29. a4 Kg8 30. a5 Kf8 31. a6 Ra8 32. a7 Kg7 33. Rexe7 1-0

[Event "MČR v bleskovém šachu družstev 2019"]
[Site "Teplice, Czech Republic"]
[Date "2019.09.14"]
[Round "7.25"]
[White "Sykora, Ondrej"]
[Black "Bach, Markus"]
[Result "0-1"]
[TimeControl "3 mim. + 2 s"]
[BlackFideId "24603376"]
[WhiteElo "2122"]
[BlackElo "2259"]

1. e4 c6 2. Nc3 d5 3. Nf3 dxe4 4. Nxe4 Nf6 5. Nxf6+ exf6 6. Bc4 Bd6 7.
d4 O-O 8. O-O Bg4 9. c3 Qc7 10. h3 Bh5 11. Be3 Nd7 12. Be2 Rfe8 13. Re1 Re7 14. Nh4 Bxe2 15. Rxe2 g6 16. Qc2 Rae8 17. Rf1 h5 18.
Bc1 Nf8 0-1

[Event "MČR v bleskovém šachu družstev 2019"]
[Site "Teplice, Czech Republic"]
[Date "2019.09.14"]
[Round "7.26"]
[White "Buchcar, Tomas"]
[Black "Hacha, Ales"]
[Result "1-0"]
[TimeControl "3 mim. + 2 s"]
[WhiteFideId "328421"]
[WhiteElo "2145"]
[BlackElo "2065"]

1. c4 Nf6 2. g3 e5 3. Bg2 Be7 4. Nc3 O-O 5. Nf3 Nc6 6. O-O d5 7. cxd5 Nxd5 8. a3 Be6 9.
d3 Kh8 10. Re1 Qd7 11. Ng5 Nxc3 12. bxc3 Bd5 13. e4 Be6 14. Nxe6 Qxe6 15. Qc2 Rad8 16. Rb1 Bc5 17. Be3 Bb6 18.
h3 Rd7 19. Kh2 h6 20. f4 Rfd8 21. f5 Qe7 22. Bf1 Qxa3 23. Ra1 Qe7 24. Ra2 Kh7 25. g4 Qh4 26. Qc1 g6 27. Rg2 gxf5 28. gxf5 Bxe3 29. Qxe3 Qf4+ 30. Qxf4 exf4 31. Rf2 1-0

[Event "MČR v bleskovém šachu družstev 2019"]
[Site "Teplice, Czech Republic"]
[Date "2019.09.14"]
[Round "7.27"]
[White "Zima, Jan"]
[Black "Tresnak, Filip"]
[Result "1-0"]
[TimeControl "3 mim. + 2 s"]
[BlackFideId "333905"]
[WhiteElo "2048"]
[BlackElo "1931"]

1. e4 c6 2. d4 d5 3. f3 dxe4 4. fxe4 Nf6 5. Nc3 Bg4 6.
Nf3 e6 7. Be3 Nbd7 8. Bd3 c5 9. dxc5 Bxc5 10. Bxc5 Nxc5 11. Bb5+ Ke7 12. Qe2 Qb6 13.
O-O-O Rhd8 14. e5 Nfe4 15. Nxe4 Nxe4 16. Qxe4 Bxf3 17. Qh4+ f6 18. exf6+ gxf6 19. Qxh7+ Kf8 20. gxf3 Qxb5 21. Rxd8+ Rxd8 22. Rg1 Qg5+ 23.
Rxg5 fxg5 24. Qh8+ Ke7 25. Qg7+ Ke8 26. Qxb7 Rd7 27. Qa8+ Ke7 28. Qe4 Rd5 29. c4 Ra5 30. a3 1-0

[Event "MČR v bleskovém šachu družstev 2019"]
[Site "Teplice, Czech Republic"]
[Date "2019.09.14"]
[Round "8.1"]
[White "Kociscak, Jiri"]
[Black "Bernasek, Jan"]
[Result "1-0"]
[TimeControl "3 mim. + 2 s"]
[WhiteTitle "IM"]
[BlackTitle "GM"]
[WhiteFideId "322121"]
[BlackFideId "311995"]
[WhiteElo "2417"]
[BlackElo "2526"]

1. d4 Nf6 2. c4 e6 3. Nf3 Bb4+ 4. Bd2 c5 5. Bxb4 cxb4 6. g3 O-O 7. Bg2 d6 8.
O-O Nbd7 9. Qb3 Qb6 10. a3 bxa3 11. Qxb6 Nxb6 12. Nxa3 Bd7 13. Nd2 Rab8 14. Rfc1 a6 15. e4 Bc6 16. b4 Rfd8 17. d5 exd5 18.
exd5 Bd7 19. Nb3 Rbc8 20. Na5 Rc7 21.
Rd1 Na4 22. Rac1 Rdc8 23. c5 b6 24. Nc6 Bxc6 25. dxc6 dxc5 26. bxc5 b5 27. Nc2 Nc3 28. Re1 a5 29. Nd4 b4 30. Rxc3 bxc3 31. Rc1 a4 32. Rxc3 Ra7 33. Nb5 Ra5 34.
Nd6 Rc7 35. Ra3 Rxc5 36. Rxa4 g6 37.
h4 Kg7 38. Rf4 h5 39. Rxf6 Rc1+ 40. Kh2 Rd1 41. Ne8+ Kf8 1-0